 Dungeon Crawl Stone Soup version 0.31-a0-986-g5e6e4ef867 (webtiles) character file.

Game seed: 6727055551549792126

338 gelatine the Trooper (level 6, 0/48 HPs)
             Began as a Demonspawn Fighter on Nov 8, 2023.
             Slain by a gnoll
             ... wielding a +0 halberd
              (10 damage)
             ... on level 2 of the Dungeon.
             The game lasted 00:05:01 (1988 turns).

gelatine the Trooper (Demonspawn Fighter)           Turns: 1988, Time: 00:05:01

Health: 0/48       AC: 13    Str: 18    XL:     6   Next: 29%
Magic:  6/6        EV:  9    Int:  9    God:
Gold:   125        SH:  5    Dex: 13    Spells: 5/5 levels left

rFire   . . .        a - +0 war axe
rCold   . . .        c - +0 buckler
rNeg    . . .        b - +0 scale mail
rPois   .            (no helmet)
rElec   .            (no cloak)
rCorr   .            (no gloves)
SInv    .            (no boots)
Will    .....        (no amulet) Stlth
                     (no ring)
HPRegen 0.28/turn    (no ring)
MPRegen 0.10/turn

%: no passive effects
@: mighty, sanguine armoured
A: claws 1, powered by pain 1, sanguine armour 1, demonic magic 1
a: no special abilities


You were on level 2 of the Dungeon.
You visited 1 branch of the dungeon, and saw 4 of its levels.

You collected 125 gold pieces.

Inventory:

Hand Weapons
 a - a +0 war axe (weapon)
Missiles
 l - 5 atropa-tipped darts
Armour
 b - a +0 scale mail (worn)
 c - a +0 buckler (worn)
 k - a +0 chain mail
Magical Staves
 m - a staff of conjuration
Scrolls
 e - a scroll of teleportation {unknown}
 f - 2 scrolls of immolation {unknown}
 i - a scroll of summoning {unknown}
 j - a scroll of fear {unknown}
 p - a scroll of silence {unknown}
Potions
 d - a potion of might
 g - 3 potions of curing {unknown}
 h - 2 potions of degeneration {unknown}
 n - a potion of lignification {unknown}
 o - a potion of attraction {unknown}


   Skills:
 * Level 4.0 Fighting
 * Level 3.9 Axes
 * Level 3.9 Armour
 * Level 1.2 Dodging
 * Level 3.3 Shields


You had 5 spell levels left.
You didn't know any spells.
Your spell library was empty.

Dungeon Overview and Level Annotations

Branches:
Dungeon (4/15)
 Temple: D:4-7

Altars:

Shops:
D:1 =


Innate Abilities, Weirdness & Mutations

You have sharp fingernails.
You sometimes gain a little power by taking damage.
When seriously injured, your blood forms armour. (AC +6)
Spells you cast may paralyse adjacent enemies.


Message History

You block the kobold's attack.
The gnoll hits you from afar with a +0 halberd.
The gnoll barely misses you.
You barely miss the kobold. The gnoll hits you but does no damage.
The gnoll hits you from afar with a +0 spear.
The kobold hits you but does no damage.
You barely miss the kobold.
A bat comes into view.
The gnoll closely misses you. The kobold hits you but does no damage.
The kobold hits you with a +0 whip.
Your blood congeals into armour.
The gnoll hits you but does no damage.
You closely miss the kobold.
The gnoll hits you from afar with a +0 spear.
The kobold barely misses you. You block the gnoll's attack.
You closely miss the kobold. The gnoll closely misses you.
The gnoll hits you but does no damage. The kobold barely misses you.
You closely miss the kobold. The gnoll barely misses you. x2
The kobold hits you but does no damage. x2; The gnoll barely misses you.
The gnoll hits you but does no damage.
You hit the kobold but do no damage. The gnoll hits you but does no damage.
The kobold closely misses you.
The gnoll hits you from afar with a +0 halberd!
You focus on the pain.
You feel very mighty all of a sudden.
You slash the kobold!
You kill the kobold!
You slash the gnoll!
You kill the gnoll!
You block the gnoll's attack. x2
The gnoll hits you from afar with a +0 spear!
* * * LOW HITPOINT WARNING * * *
The gnoll hits you but does no damage. The gnoll hits you with a +0 spear.
* * * LOW HITPOINT WARNING * * *
Things that are here:
a +0 whip; a kobold corpse You hit the gnoll.
The gnoll is heavily wounded.
You closely miss the gnoll. The gnoll barely misses you. x3
The gnoll hits you with a +0 halberd!
You die...

... ...# ....# ..
..... #.# ## ......
#..# ... .....b#
..#####..#
.....Sg####[..#....#
....bgg@..###...##.#
#.#
.....###........##.#
#.# ...
..##)........#.# #.#
#
#....#...#.....###.#
####......##.......#
#...#..####......
#.###.....#......
#.# #.###.##.....
..# #.###.#..###.


You could see 3 gnolls, an adder and 2 bats.

Vanquished Creatures
  A black bear (D:4)
  An ogre (D:4)
  A hound (D:4)
  Terence (D:3)
  A gnoll (D:2)
  4 adders
  2 worms (D:3)
  4 dart slugs (D:1)
  2 orcs (D:3)
  6 bats
  4 endoplasms (D:1)
  A giant cockroach (D:1)
  3 goblins
  5 hobgoblins
  5 ball pythons
  3 frilled lizards
  5 kobolds
  5 rats
54 creatures vanquished.

Notes
Turn   | Place    | Note
-------+----------+-------------------------------------------
     0 | D:1      | gelatine the Demonspawn Fighter began the quest for the
                  | Orb.
     0 | D:1      | Reached XP level 1. HP: 18/18 MP: 1/1
   326 | D:1      | Gained mutation: When seriously injured, your blood forms
                  | armour. (AC +6) [demonic ancestry]
   326 | D:1      | Reached XP level 2. HP: 21/24 MP: 2/2
   678 | D:1      | Gained mutation: You sometimes gain a little power by
                  | taking damage. [demonic ancestry]
   678 | D:1      | Reached XP level 3. HP: 24/29 MP: 3/3
   742 | D:1      | Found Tiotzede's Jewellery Shop.
  1091 | D:2      | You fall into a shaft and drop 1 floor!
  1236 | D:3      | Noticed Terence
  1251 | D:3      | Killed Terence
  1252 | D:3      | Reached XP level 4. HP: 19/36 MP: 4/4
  1672 | D:4      | Noticed a black bear
  1672 | D:4      | Noticed an ogre
  1681 | D:4      | Killed a black bear
  1682 | D:4      | Reached skill level 1 in Dodging
  1682 | D:4      | Gained mutation: You have sharp fingernails. [demonic
                  | ancestry]
  1682 | D:4      | Reached XP level 5. HP: 20/42 MP: 5/5
  1686 | D:4      | Killed an ogre
  1687 | D:4      | Reached skill level 4 in Fighting
  1687 | D:4      | Gained mutation: Spells you cast may paralyse adjacent
                  | enemies. [demonic ancestry]
  1687 | D:4      | Reached XP level 6. HP: 25/48 MP: 6/6
  1988 | D:2      | Slain by a gnoll

Illustrated notes

Levels and vault maps discovered:
D:1:      onia_arrival_mini_maze, layout_loops_corners, serial_shops, shop
D:2:      layout_rooms
D:3:      layout_rooms, uniq_terence
D:4:      layout_loops_ring, nicolae_ossuary_entry_giza,
          dreamdust_princess_corridor, st_stairs_9, uniq_sigmund

Skill      XL: |  1  2  3  4  5 |
---------------+----------------+-----
Armour         | 3 |  3.9
Axes           | 2 3 |  3.9
Shields        | 3 |  3.3
Dodging        | 1 |  1.2
Fighting       | 4 |  4.0

Action                     |  1- 3 |  4- 6 || total
---------------------------+-------+-------++-------
  Melee: War axe           |    98 |    61 ||   159
 Armour: Scale mail        |    78 |    71 ||   149
  Dodge: Dodged            |    51 |    43 ||    94
  Block: Buckler           |    26 |    23 ||    49

Table legend: (Time is in decaauts)
 A = Elapsed time spent in this place.
 B = Non-inter-level travel time spent in this place.
 C = Inter-level travel time spent in this place.
 D = Time resting spent in this place.
 E = Time spent auto-exploring this place.
 F = Levels seen in this place.
 G = Mean time per level.
                   A        B        C        D        E       F      G
               +--------+--------+--------+--------+--------+-----+--------+
         Total |   2051 |   1931 |    120 |      0 |   1435 |   4 |  512.8 |
       Dungeon |   2051 |   1931 |    120 |      0 |   1435 |   4 |  512.8 |
               +--------+--------+--------+--------+--------+-----+--------+

Top non-repeatable levels by time:
     D:1: 1081 daAuts
     D:3: 626 daAuts
     D:2: 320 daAuts
     D:4: 22 daAuts
